 Dungeon Crawl Stone Soup version 0.01-2130-g831048675f (webtiles) character file.

Game seed: 11424075164654496114, levelgen mode: deterministic

91 raph the Fey Cow (level 4, -1/35 HPs) Minotaur Priest. Began on June 16, 2020. Was a Believer of Yredelemnul. Splashed by a jelly's acid (4 damage) ... on level 2 of the Dungeon. The game lasted 00:04:35 (1078 turns).

raph the Fey Cow (Minotaur Priest)                  Turns: 1078, Time: 00:04:36

Health: -1/35      AC: -5    Str: 16    XL:     4 ^: 65
Magic:  6/6        EV: 11    Int:  9    God:    Yredelemnul [2* [74]]
Gold:   60         SH:  0    Dex: 11    Spells: 3/3 levels left

rFire    . . .     Vision   .   c - +0 whip
rCold    . . .     Gourm    .     - Unarmed
rNeg     . . .     Faith    .   g - +0 scale mail
rPois    .         Spirit   .   (helmet restricted)
rElec    .         Reflect  .   (no cloak)
rCorr    .         Harm     .   (no gloves)
MR       .....                  (no boots)
Stlth    ..........             (no amulet)
HPRegen  0.21/turn              (no ring)
MPRegen  0.16/turn              (no ring)

@: corroded
A: retaliatory headbutt, horns 2
a: Animate Remains, Recall Undead Slaves, Injury Mirror, Renounce Religion


You were on level 2 of the Dungeon.
You worshipped Yredelemnul.
Yredelemnul was pleased with you.
You were not hungry.

You visited 1 branch of the dungeon, and saw 2 of its levels.
You also visited: Temple.

You collected 60 gold pieces.

Inventory:

Weapons
 c - a +0 whip (weapon)
Armour
 a - a +0 robe
 d - a +0 ring mail
 g - a +0 scale mail (worn)
Scrolls
 e - 2 scrolls of magic mapping
 i - a scroll of enchantment
Potions
 h - 2 potions of might
Comestibles
 b - 3 rations
 f - 3 chunks of flesh


   Skills:
 + Level 1.3 Fighting
 * Level 3.3 Whips & Flails
 + Level 1.2 Armour
 + Level 2.6 Dodging
 - Level 1.5 Stealth
 - Level 3.2 Unarmed Combat
 + Level 4.0 Invocations


You had 3 spell levels left.
You didn't know any spells.
Your spell library was empty.

Dungeon Overview and Level Annotations

Branches:
Dungeon (2/8)

Altars:


Innate Abilities, Weirdness & Mutations

You reflexively headbutt those who attack you in melee.
You have a pair of horns on your head.


Message History

The acid corrodes your cinder newt zombie!
The jelly hits your cinder newt zombie (2).
Your cinder newt zombie is splashed with acid (10)!
Your cinder newt zombie seems to be corroded for longer.
Your cinder newt zombie is destroyed!
Unknown command.
You enter the shallow water.
Moving in this stuff is going to be slow.
The jelly splashes around in the water.
The jelly quivers.
The jelly hits you (2). The acid corrodes you!
You are splashed with acid (10)!
You hit the jelly but do no damage. The acid corrodes you!
Your hands burn!
The jelly is almost dead. (3/17) HP You hit the jelly but do no damage.
Your hands burn!
The jelly is almost dead. (3/17) HP The jelly hits you (3).
The acid corrodes you!
You are splashed with acid (9)!
* * * LOW HITPOINT WARNING * * *
You hit the jelly but do no damage.
Your hands burn!
You die...
Your body rises from the dead as a mindless zombie.

P≈≈≈≈# ####### #≈≈≈P≈≈≈≈#
##..≈≈.# #≈≈≈PPP≈.#
#....... ≈# #≈≈≈P≈P..#
#....... #≈P#≈≈≈≈P≈P.#
##≈..≈≈.
#.#.≈P≈≈≈≈P.#######..###
P≈.≈≈≈≈≈≈≈≈...≈≈≈≈≈....≈
P≈≈.≈≈≈≈≈≈≈≈.≈≈≈≈≈≈≈.≈P≈
≈≈≈....@≈≈≈..≈≈≈≈≈≈≈≈≈≈≈
≈≈..≈≈.J≈≈≈≈...≈≈≈≈≈≈≈≈≈
≈≈≈≈≈≈≈≈≈≈≈≈≈≈..≈≈..≈≈≈≈
P≈≈PP≈PP≈≈≈≈≈≈≈≈.≈..≈P≈≈≈
JJ≈P≈≈PPP≈≈≈≈≈≈≈.≈.≈PP≈≈.
.....PP≈P≈≈....≈.≈>....≈.
.≈...PP≈≈P.≈.###≈###.####
#...≈PP≈..≈..≈.......##≈
#..#...P.≈≈.<.≈......≈#≈


You could see 2 jellies.

Vanquished Creatures
  A gnoll (D:1)
  4 cinder newts
  2 oozes (D:1)
  2 dart slugs (D:1)
  5 bats
  3 giant cockroaches (D:1)
  4 goblins (D:1)
  A kobold (D:1)
  A ball python (D:2)
  An orc skeleton (D:2)
  3 rats (D:1)
27 creatures vanquished.

Vanquished Creatures (collateral kills)
  A cinder newt (D:2)
  A ball python (D:1)
  A giant cockroach (D:2)
  A hobgoblin (D:1)
  A bat skeleton (D:2)
  A kobold skeleton (D:2)
6 creatures vanquished.

Vanquished Creatures (others)
  An adder (D:2)
  An adder zombie (D:2)
  A cinder newt skeleton (D:2)
  A cinder newt zombie (D:2)
  A bat zombie (D:2)
  6 withered plants (D:2)
11 creatures vanquished.

Grand Total: 44 creatures vanquished

Notes
Turn   | Place    | Note
-------+----------+-------------------------------------------
     0 | Start Te | raph the Minotaur Priest began the quest for the Orb.
     0 | Start Te | Reached XP level 1. HP: 14/14 MP: 2/2
     0 | Start Te | Found a sparkling altar of Nemelex Xobeh.
     1 | Start Te | Found a basalt altar of Yredelemnul.
     1 | Start Te | Found a white marble altar of Elyvilon.
     2 | Start Te | Found an iron altar of Okawaru.
     3 | Start Te | Found a glowing silver altar of Zin.
     3 | Start Te | Found a blossoming altar of Fedhas.
     4 | Start Te | Found a stormy altar of Qazlal.
     5 | Start Te | Found a glowing golden altar of the Shining One.
     5 | Start Te | Found an opulent altar of Gozag.
     6 | Start Te | Found a sacrificial altar of Ru.
     7 | Start Te | Found a faded altar of an unknown god.
     7 | Start Te | Found a hazy altar of Hepliaklqana.
    11 | Start Te | Became a worshipper of Yredelemnul the Dark
    11 | Start Te | Reached * piety under Yredelemnul
    11 | Start Te | Reached ** piety under Yredelemnul
    56 | D:1      | Reached skill level 1 in Whips & Flails
    56 | D:1      | Reached XP level 2. HP: 18/20 MP: 3/3
   325 | D:1      | Reached XP level 3. HP: 27/27 MP: 4/4
   900 | D:2      | Reached skill level 1 in Fighting
   900 | D:2      | Reached skill level 1 in Armour
   900 | D:2      | Reached XP level 4. HP: 21/35 MP: 5/5
   986 | D:2      | Reached skill level 4 in Invocations
  1078 | D:2      | Splashed by a jelly's acid

Levels and vault maps discovered:
D:1:      minmay_arrival_five_plusses, layout_loops_ring
D:2:      layout_sewer, basic_altar, first_ration

Skill      XL: |  1  2  3  4 |
---------------+-------------+-----
Whips & Flails | 1 2 3 |  3.3
Fighting       | 1 |  1.3
Armour         | 1 |  1.2
Invocations    | 4 |  4.0
Dodging        | |  2.6
Stealth        | |  1.5
Unarmed Combat | |  3.2

Action                   |  1- 3 |  4- 6 || total
-------------------------+-------+-------++-------
Melee: Whip              |    47 |    23 ||    70
       Unarmed           |    41 |    21 ||    62
       Headbutt          |     6 |     1 ||     7
Invok: Animate Remains   |     7 |     4 ||    11
  Eat: Chunk             |     2 |     2 ||     4
Armor: Ring mail         |     6 |       ||     6
       Scale mail        |    14 |     6 ||    20
Dodge: Dodged            |    43 |    10 ||    53
